 Dungeon Crawl Stone Soup version 0.31-a0-188-g5e087ee2ca (webtiles) character file.

Game seed: 5318639617652898517

224 qw the Skirmisher (level 5, -1/30 HPs)
             Began as a Deep Elf Hunter on June 23, 2023.
             Was an Initiate of Okawaru.
             Slain by a howler monkey (5 damage)
             ... on level 5 of the Dungeon.
             The game lasted 00:01:15 (2845 turns).

qw the Skirmisher (Deep Elf Hunter)                 Turns: 2845, Time: 00:01:15

Health: -1/30      AC:  7    Str: 10    XL:     5   Next: 67%
Magic:  7/7        EV: 11    Int: 14    God:    Okawaru [......]
Gold:   302        SH:  0    Dex: 18    Spells: 4/4 levels left

rFire   . . .        Y - +0 shortbow
rCold   . . .        (shield currently unavailable)
rNeg    . . .        k - +0 ring mail
rPois   .            d - +0 helmet
rElec   .            l - +0 cloak
rCorr   +            (no gloves)
SInv    .            (no boots)
Will    .....        g - amulet of regeneration
Stlth   +            b - ring of resist corrosion
HPRegen 1.05/turn    (no ring)
MPRegen 0.10/turn

%: no passive effects
@: about to teleport
A: no striking features
a: Renounce Religion


You were on level 5 of the Dungeon.
You worshipped Okawaru.
Okawaru was noncommittal.
You visited 2 branches of the dungeon, and saw 6 of its levels.

You collected 302 gold pieces.


   Skills:
 + Level 1.9 Fighting
 - Level 9.1 Ranged Weapons
 - Level 2.4 Dodging
 - Level 1.2 Stealth


You had 4 spell levels left.
You didn't know any spells.
Your spell library was empty.

Inventory:

Hand Weapons
 Y - a +0 shortbow (weapon)
Armour
 d - a +0 helmet (worn)
 k - a +0 ring mail (worn)
 l - a +0 cloak (worn)
Jewellery
 a - a ring of fire
 b - a ring of resist corrosion (left hand)
 g - an amulet of regeneration (around neck)
Scrolls
 f - a scroll of identify
Potions
 c - a potion of curing
 h - a potion of enlightenment
 i - a potion of might {unknown}
 j - a potion of berserk rage {unknown}

Dungeon Overview and Level Annotations

Branches:
Dungeon (5/15)             Temple (1/1) D:4

Altars:
Cheibriados
Dithmenos
Gozag
Hepliaklqana
Kikubaaqudgha
Makhleb
Okawaru
Qazlal
Ru
Sif Muna
Trog
Uskayaw
Vehumet
Wu Jian
Xom
Yredelemnul
Zin
The Shining One

Shops:
D:2 (


Message History

You are engulfed in a cloud of soporific spores!
You fall asleep.
The howler monkey hits you.
You wake up.
The scorpion stings you but does no damage.
You shoot an arrow.
The arrow hits the howler monkey but does no damage.
The howler monkey is heavily wounded.
The sleepcap barely misses you.
An orc comes into view. It is wielding a +0 whip.
The howler monkey misses you. The scorpion barely misses you.
The sleepcap releases spores at you but does no damage.
You shoot an arrow.
The arrow closely misses the howler monkey.
The arrow closely misses the orc.
The orc shouts!
The arrow hits the orc!
You kill the orc!
Okawaru accepts your kill.
The scorpion stings you but does no damage.
The howler monkey hits you but does no damage.
The sleepcap releases spores at you!
You are engulfed in a cloud of soporific spores!
You are unaffected.
You shoot an arrow. The arrow hits the howler monkey.
The howler monkey is heavily wounded.
The scorpion barely misses you. The howler monkey misses you.
The sleepcap closely misses you.
You shoot an arrow.
The arrow hits the howler monkey but does no damage.
The howler monkey is heavily wounded.
The scorpion barely misses you.
The howler monkey hits you but does no damage.
The sleepcap misses you. The iguana bites you!
The scorpion stings you but does no damage.
The howler monkey barely misses you.
2845 ||| READING scroll of teleportation.
As you read the scroll of teleportation, it crumbles to dust.
You feel strangely unstable.
The scorpion stings you but does no damage.
The howler monkey hits you.
You die...

#......
#.......
####>).....
#..).......
..o......#
.o.....
#hf.# #@l.#
#s..# #..<#
#..## #...
##... ....
.....
###..#


You could see a sleepcap, a scorpion, a howler monkey, an iguana and 2 orcs.

Vanquished Creatures
  A jelly (D:4)
  A hound (D:4)
  A sleepcap (D:4)
  3 adders
  An ufetubus (D:4)
  2 worms (D:2)
  2 dart slugs (D:1)
  6 orcs
  6 ball pythons
  6 bats
  6 endoplasms
  6 giant cockroaches
  9 goblins
  13 hobgoblins
  2 jackals (D:3)
  5 kobolds
  2 quokkas (D:2)
  5 frilled lizards
  5 rats
82 creatures vanquished.

Notes
Turn   | Place    | Note
-------+----------+-------------------------------------------
     0 | D:1      | qw the Deep Elf Hunter began the quest for the Orb.
     0 | D:1      | Reached XP level 1. HP: 12/12 MP: 3/3
     0 | D:1      | 0 ||| qw: Version: 0.3-a-9-g12657ce
     0 | D:1      | 0 ||| qw: Game counter: 3893
     0 | D:1      | 0 ||| qw: Always use a shield: true
     0 | D:1      | 0 ||| qw: God list: Okawaru
     0 | D:1      | 0 ||| qw: Allow faded altars: false
     0 | D:1      | 0 ||| qw: Do Orc after D:15 true
     0 | D:1      | 0 ||| qw: Do second Lair branch before Depths: true
     0 | D:1      | 0 ||| qw: Lair rune preference: random
     0 | D:1      | 0 ||| qw: Plans: Normal
     0 | D:1      | 0 ||| PLANNING D:1-11
    60 | D:1      | Reached XP level 2. HP: 16/16 MP: 4/4
    66 | D:1      | Reached skill level 6 in Ranged Weapons
   194 | D:1      | Found a faded altar of an unknown god.
   550 | D:1      | 550 ||| UPGRADING to +0 ring mail.
   560 | D:1      | 560 ||| DROPPING +0 leather armour.
   561 | D:1      | 561 ||| UPGRADING to amulet of regeneration.
   566 | D:1      | 566 ||| READING scroll labelled BIANOPS JEBO.
   567 | D:1      | 567 ||| READING scroll labelled WAL UR ZAUNIONA.
   568 | D:1      | 568 ||| READING 2 scrolls labelled URODUI VANEQU.
   569 | D:1      | 569 ||| READING scroll labelled MOCUEC OD IHIEGUY.
   570 | D:1      | 570 ||| READING scroll labelled ZUPNEU LIAFAK.
   571 | D:1      | 571 ||| DROPPING scroll of butterflies.
   573 | D:1      | 573 ||| Stepping ~*~*~tactically~*~*~ (cloud).
   715 | D:2      | Found Eceimaxa's Weapon Shoppe.
   725 | D:2      | Reached XP level 3. HP: 20/20 MP: 5/5
   800 | D:2      | Found an opulent altar of Gozag.
   839 | D:2      | Reached skill level 7 in Ranged Weapons
  1023 | D:2      | 1023 ||| UPGRADING to +0 helmet.
  1028 | D:2      | 1028 ||| UPGRADING to +0 cloak.
  1033 | D:2      | 1033 ||| READING scroll labelled ERUAS VAKOP.
  1038 | D:2      | 1038 ||| READING scroll labelled MEM PARETWI.
  1039 | D:2      | 1039 ||| READING 2 scrolls of identify.
  1039 | D:2      | 1039 ||| IDENTIFYING purple potion
  1288 | D:3      | Reached XP level 4. HP: 25/25 MP: 6/6
  1302 | D:3      | Found a snail-covered altar of Cheibriados.
  1770 | D:3      | 1770 ||| READING 2 scrolls of identify.
  1770 | D:3      | 1770 ||| IDENTIFYING smoky ruby potion
  1771 | D:3      | 1771 ||| DROPPING potion of ambrosia.
  1984 | D:4      | Reached skill level 8 in Ranged Weapons
  2042 | D:4      | Reached XP level 5. HP: 29/29 MP: 7/7
  2060 | D:4      | Found a staircase to the Ecumenical Temple.
  2061 | D:4      | 2061 ||| PLANNING TEMPLE
  2061 | D:4      | 2061 ||| UPGRADING to ring of resist corrosion.
  2062 | D:4      | 2062 ||| DRINKING 2 white potions.
  2082 | Temple   | Entered the Ecumenical Temple
  2117 | Temple   | 2117 ||| PLANNING OKAWARU WORSHIP
  2263 | Temple   | Became a worshipper of Warmaster Okawaru
  2264 | Temple   | 2264 ||| PLANNING D:1-11
  2621 | D:4      | Reached skill level 9 in Ranged Weapons
  2830 | D:5      | Entered Level 5 of the Dungeon
  2844 | D:5      | HP: 3/30 [iguana (9)]
  2845 | D:5      | 2845 ||| READING scroll of teleportation.
  2845 | D:5      | Slain by a howler monkey

Levels and vault maps discovered:
D:1:      sevenhm_arrival_forest_fort_small_6, layout_basic,
          shapermc_ecumenical_altar_rom_forum, serial_forest,
          infiniplex_forest_clump_double, infiniplex_forest_clump_small,
          infiniplex_forest_straight_1, infiniplex_forest_end_3
D:2:      layout_rooms, basic_altar, serial_shops, shop_statue
D:3:      cheibrodos_greedy_goblins, layout_loops_ring,
          mainiacjoe_overflow_concentric_impassable, grunt_ministairs_7
D:4:      layout_loops_corners, temple_pool_b
D:5:      minmay_chambers_of_threes, layout_basic, serial_bayou_ford_a,
          corexii_shack, hellmonk_bongcloud_opening
Temple:   minmay_crystal_spiral_temple

Skill      XL: |  1  2  3  4  5 |
---------------+----------------+-----
Ranged Weapons | 6 7 8 9 |  9.1
Fighting       | |  1.9
Dodging        | |  2.4
Stealth        | |  1.2

Action                     |  1- 3 |  4- 6 || total
---------------------------+-------+-------++-------
   Fire: Shortbow          |   105 |   123 ||   228
    Use: Scroll            |     8 |     2 ||    10
         Potion            |       |     1 ||     1
 Armour: Ring mail         |    11 |    38 ||    49
  Dodge: Dodged            |    22 |    54 ||    76

Table legend:
 A = Non-vault XP
 B = Vault XP
 C = Vault XP percentage of total XP
 D = Non-vault monster count
 E = Vault monster count
 F = Vault count percentage of total count
                 A         B        C        D         E       F
            +---------+---------+-------+---------+---------+-------
      Total |     302 |      18 |   5.6 |      73 |       9 |  11.0
            +---------+---------+-------+---------+---------+-------
        D:1 |      33 |       0 |   0.0 |      18 |       0 |   0.0
        D:2 |      36 |       0 |   0.0 |      18 |       0 |   0.0
        D:3 |      46 |      18 |  28.1 |      13 |       9 |  40.9
        D:4 |     178 |       0 |   0.0 |      21 |       0 |   0.0
        D:5 |       9 |       0 |   0.0 |       3 |       0 |   0.0
            +---------+---------+-------+---------+---------+-------
